 Dungeon Crawl Stone Soup version 0.31-a0-1424-g2add1c7226 (webtiles) character file.

Game seed: 5564745559511089666

63 browni3141 the Ruffian (level 4, -1/33 HPs)
             Began as a Formicid Shapeshifter on Dec 27, 2023.
             Incinerated by a bombardier beetle (6 damage)
             ... with a burning spray
             ... on level 2 of the Dungeon.
             The game lasted 00:02:08 (1087 turns).

browni3141 the Ruffian (Formicid Shapeshifter)      Turns: 1087, Time: 00:02:09

Health: -1/33      AC:  3    Str: 21    XL:     4   Next: 31%
Magic:  4/4        EV: 11    Int:  9    God:
Gold:   79         SH:  0    Dex: 13    Spells: 3/3 levels left

rFire   . .          .
                       - Unarmed
rCold   . . .        (no shield)
rNeg    . . .        f - +0 leather armour
rPois   .            (helmet unavailable)
rElec   .            (cloak currently unavailable)
rCorr   .            (gloves currently unavailable)
SInv    +            (boots currently unavailable)
Will    ++...        (no amulet)
Stlth   +            k - ring of willpower
HPRegen 0.25/turn    m - ring of willpower
MPRegen 0.09/turn

%: no passive effects
@: on fire, beast-form, glowing
A: beast (slay +2), permanent stasis, dig shafts and tunnels, antennae 3, four
strong arms
a: Dig, Shaft Self, Begin Untransformation


You were on level 2 of the Dungeon.
You were a hulking beast.
You visited 1 branch of the dungeon, and saw 2 of its levels.

You collected 79 gold pieces.

Inventory:

Armour
 a - a +0 animal skin
 f - a +0 leather armour (worn)
Jewellery
 k - a ring of willpower (left hand)
 m - a ring of willpower (right hand)
Talismans
 c - a beast talisman
 d - a flux talisman
Scrolls
 e - a scroll of revelation {unknown}
 g - 2 scrolls of amnesia {unknown}
 l - a scroll of noise {unknown}
 n - 2 scrolls of teleportation {unknown}
Potions
 b - a potion of lignification
 h - a potion of brilliance {unknown}
 i - a potion of invisibility {unknown}
 j - a potion of attraction {unknown}


   Skills:
 - Level 2.0 Fighting
 - Level 1.7 Dodging
 - Level 1.0 Stealth
 * Level 4.3 Unarmed Combat
 - Level 3.5 Shapeshifting


You had 3 spell levels left.
You didn't know any spells.
Your spell library contained the following spells:

 Spells                   Type           Power      Damage    Failure   Level
 Mercury Vapours          Alch/Air       0%         N/A       56%         2
 Mephitic Cloud           Conj/Alch/Air  0%         N/A       80%         3
 Freezing Cloud           Conj/Ice/Air   0%         6-21      100%        5


Dungeon Overview and Level Annotations

Branches:
Dungeon (2/15)

Altars:


Innate Abilities, Weirdness & Mutations

You are a hulking beast.
Your limbs bulge with bestial killing power. (Slay +2)
You cannot be hasted, slowed, berserked, paralysed or teleported.
You can dig through walls and to a lower floor.
You have a pair of large antennae on your head. (SInv)
Your four strong arms can wield two-handed weapons with a shield.


Message History

You add the spells Mercury Vapours, Mephitic Cloud and Freezing Cloud to your library.
n - 2 scrolls labelled XOXIOX MINNAMA (gained 1)
Found a stone staircase leading up.
You now have 79 gold pieces (gained 7).
Found a stone staircase leading down.
A frilled lizard comes into view.
Found a dagger.
The frilled lizard hisses angrily.
You barely miss the frilled lizard. The frilled lizard bites you.
You closely miss the frilled lizard. The frilled lizard closely misses you.
You hit the frilled lizard.
You kill the frilled lizard!
You sense a monster nearby.
A bombardier beetle and a worm come into view.
The bombardier beetle sprays incendiary fluid at you.
The burning spray hits you.
You are covered in liquid fire!
You see here a +0 dagger.
The liquid fire burns you! The liquid fire burns you!
The bombardier beetle sprays incendiary fluid at you.
The burning spray hits you.
You are even more covered in liquid fire!
You shake off some of the fire as you move.
The liquid fire burns you!
The bombardier beetle sprays incendiary fluid at you.
The burning spray hits you.
You are even more covered in liquid fire!
You shake off some of the fire as you move.
The liquid fire burns you!
You shake off some of the fire as you move.
The liquid fire burns you!
You shake off some of the fire as you move.
The liquid fire burns you!
You shake off some of the fire as you move.
The liquid fire burns you!
* * * LOW HITPOINT WARNING * * *
You shake off some of the fire as you move.
The liquid fire burns you!
You die...

######### #.......#...#.#.#
#.....>.# #w...............
#.......# #)...#.........#.
#.......# #....#.........).
#.......## #....#.........#)
#........# #.#####...)..###.
#........###.#####....#.###.
#..........#........#.......
#####.####.h................
####.#......#.#............
#...........#..............
#...........#..............
#..........................
####.######................
#.# #)................
#.#####..###............
#.#.....................


You could see a worm.

Vanquished Creatures
  An adder (D:2)
  A worm (D:2)
  An orc (D:2)
  7 endoplasms
  3 giant cockroaches
  5 goblins
  6 hobgoblins
  3 quokkas (D:2)
  5 ball pythons (D:1)
  3 frilled lizards
  7 kobolds
  2 rats (D:1)
44 creatures vanquished.

Notes
Turn   | Place    | Note
-------+----------+-------------------------------------------
     0 | D:1      | browni3141 the Formicid Shapeshifter began the quest for
                  | the Orb.
     0 | D:1      | Reached XP level 1. HP: 15/15 MP: 1/1
   158 | D:1      | Reached skill level 1 in Stealth
   203 | D:1      | Reached XP level 2. HP: 17/21 MP: 2/2
   374 | D:1      | Found a faded altar of an unknown god.
   489 | D:1      | Reached XP level 3. HP: 26/26 MP: 3/3
   890 | D:2      | Reached skill level 4 in Unarmed Combat
   892 | D:2      | Reached XP level 4. HP: 31/33 MP: 4/4
  1087 | D:2      | Incinerated by a bombardier beetle

Illustrated notes

Levels and vault maps discovered:
D:1:      ebering_trefoil_twist, layout_loops_ring,
          shapermc_ecumenical_altar_gd, minmay_shallow_snake_nest
D:2:      layout_rooms

Skill      XL: |  1  2  3 |
---------------+----------+-----
Stealth        | 1 |  1.0
Fighting       | 2 |  2.0
Unarmed Combat | 4 |  4.3
Dodging        | |  1.7
Shapeshifting  | |  3.5

Action                     |  1- 3 |  4- 6 || total
---------------------------+-------+-------++-------
  Melee: Unarmed           |    72 |    24 ||    96
         Punch             |     1 |     1 ||     2
   Stab: Sleeping          |     4 |       ||     4
 Armour: Leather armour    |    26 |    12 ||    38
         Animal skin       |     1 |       ||     1
  Dodge: Dodged            |    33 |     8 ||    41

Table legend: (Time is in decaauts)
 A = Elapsed time spent in this place.
 B = Non-inter-level travel time spent in this place.
 C = Inter-level travel time spent in this place.
 D = Time resting spent in this place.
 E = Time spent auto-exploring this place.
 F = Levels seen in this place.
 G = Mean time per level.
                   A        B        C        D        E       F      G
               +--------+--------+--------+--------+--------+-----+--------+
         Total |   1079 |   1070 |      9 |      0 |    793 |   2 |  539.5 |
       Dungeon |   1079 |   1070 |      9 |      0 |    793 |   2 |  539.5 |
               +--------+--------+--------+--------+--------+-----+--------+

Top non-repeatable levels by time:
     D:1: 799 daAuts
     D:2: 279 daAuts
